Match 21790915
Unlisted

Match 21790915
End
Selects Italian Infantry
Panzergrenadier Squad
Panzergrenadier Squad
Construct Light Support Kompanie
2.5-tonne Medical Truck
Selects Guastatori Squad
Guastatori Squad
Fire Support Elements
Panzerjäger Mechanized Group
Construct Panzerarmee Kommand
Pak 38 Anti-tank Gun Team
Selects Registered Artillery
Selects Sound the Alarm
Armored Reserves
MG34 Team
Registered Artillery
Guastatori Squad
Tiger Heavy Tank
Emergency Repair Kits
Rapid Advance
Vehicle Survival Package
Selects Prepared Positions
Selects Obice 305mm Barrage
Obice 305mm Barrage
Selects Towed Cannone da 105/28 Field Howitzer
Construct Mechanized Kompanie
Support Armor Elements
Obice 305mm Barrage
18-tonne Recovery Half-track
StuG Assault Group
Obice 305mm Barrage
kerem
kuzu1
Emir Solmaz
Geffery
Tok3n x Operator
lupoy
0
0

Comments sign in to comment!

No comments posted yet!